[Event "44th Chess Olympiad Women 2022"]
[Site "Chennai"]
[Date "2022.08.06"]
[Round "8.57"]
[White "Lohani, Sujana"]
[Black "Ollet, Myra"]
[Result "1-0"]
[WhiteElo "1697"]
[BlackElo "1480"]
[Annotator "NA RC"]
[PlyCount "174"]
[EventDate "2022.??.??"]
[TimeControl "60"]

1. d4 d6 2. Nf3 Nf6 3. c4 c6 4. Nc3 Nbd7 5. e4 Qc7 6. Be2 e5 7. O-O Be7 8. h3 b6 9. d5 Bb7 10. Be3 a6 11. Nd2 c5 12. a3 h6 13. f4 g6 14. Qa4 Kd8 15. Nf3 b5 16. cxb5 axb5 17. Qxb5 Ba6 18. Qa4 Nb6 19. Qc2 Bxe2 20. Qxe2 Nh5 21. Qe1 exf4 22. Bf2 f6 23. Nh4 g5 24. Nf5 Rh7 25. Nb5 Qb8 26. Qe2 Ng7 27. Nxe7 Kxe7 28. g3 Qc8 29. Kh2 Nd7 30. gxf4 gxf4 31. Bh4 Ne8 32. Rxf4 Ne5 33. Raf1 Rf7 34. R4f2 c4 35. Nd4 c3 36. bxc3 Qxc3 37. Nc2 Ra4 38. Bg3 Rg7 39. Bf4 Nd3 40. Qe3 Rc4 41. Re2 Nxf4 42. Qxc3 Rxc3 43. Rxf4 Rgg3 44. Rh4 Rg6 45. Rd2 Nc7 46. a4 Rc4 47. a5 Nb5 48. Ne3 Ra4 49. Nf5+ Kd7 50. Rxh6 Rxh6 51. Nxh6 Rxa5 52. Ng8 Nc3 53. Nxf6+ Ke7 54. Ng4 Ra4 55. e5 Ne4 56. Rd3 Ra2+ 57. Kg1 dxe5 58. Nxe5 Nd6 59. Ng4 Nf5 60. Kf1 Kd6 61. Nf2 Ke5 62. Kg2 Ra5 63. Ng4+ Kd6 64. Nf6 Ra2+ 65. Kf3 Nh4+ 66. Kg4 Ng6 67. Kf5 Ne7+ 68. Kf4 Ra4+ 69. Ne4+ Kd7 70. Ke5 Ng6+ 71. Kf6 Ra6+ 72. Kg5 Kd8 73. h4 Ne5 74. Rb3 Nf7+ 75. Kf4 Ra4 76. Kf5 Nh6+ 77. Kf4 Nf7 78. h5 Nd6 79. Re3 Ke7 80. Kf3 Kd7 81. Nc5+ Kc7 82. Nxa4 Nf5 83. Re6 Nd4+ 84. Kg4 Nxe6 85. dxe6 Kd6 86. h6 Kxe6 87. h7 Kd5 1-0

[Event "44th Chess Olympiad Women 2022"]
[Site "Chennai"]
[Date "2022.08.06"]
[Round "8.57"]
[White "Nacario, Ruth"]
[Black "Kapali, Binita"]
[Result "0-1"]
[WhiteElo "1552"]
[BlackElo "1511"]
[Annotator "NA RC"]
[PlyCount "82"]
[EventDate "2022.??.??"]
[TimeControl "60"]

1. d4 d5 2. c4 dxc4 3. e4 Nf6 4. Nc3 Nc6 5. Be3 Ng4 6. Nf3 Nxe3 7. fxe3 e6 8. Bxc4 Be7 9. d5 exd5 10. exd5 Nb8 11. Qa4+ Nd7 12. Qc2 O-O 13. O-O-O Nc5 14. h4 a6 15. Ng5 g6 16. Nf3 b5 17. Bd3 Nxd3+ 18.
Qxd3 Bf6 19. h5 Qe7 20. hxg6 fxg6 21. Rdf1 Re8 22. Nd1 Bf5 23. Qb3 Kg7 24. Re1 Rad8 25. Nc3 Qc5 26. Kd2 c6 27. e4 Bg4 28. e5 Be7 29. Rhf1 cxd5 30. e6 Bf6 31. Ne5 Bxe6 32. Nd3 Qc4 33.
Qd1 Bg5+ 34. Kc2 d4 35. Ne5 Bf5+ 36. Nd3 dxc3 37. bxc3 Bxd3+ 38. Kb2 Bxf1 39. Rxf1 Rxd1 40. Rxd1 Re2+ 41. Ka1 Qxa2# 0-1

[Event "44th Chess Olympiad Women 2022"]
[Site "Chennai"]
[Date "2022.08.06"]
[Round "8.58"]
[White "Raharimanana, Faratiana"]
[Black "Ibtihal Mohammed"]
[Result "1-0"]
[WhiteElo "1707"]
[BlackElo "1445"]
[Annotator "NA RC"]
[PlyCount "111"]
[EventDate "2022.??.??"]
[TimeControl "60"]

1. e4 c5 2. Nf3 Nc6 3. d4 cxd4 4. Nxd4 g6 5. Bc4 Bg7 6. c3 Nf6 7. Nd2 O-O 8. O-O Nxd4 9. cxd4 Nxe4 10. Bxf7+ Rxf7 11. Nxe4 Qb6 12. Nc5 d6 13. Nb3 Be6 14. d5 Bd7 15. Be3 Qb4 16. Bd4 Bxd4 17. Qxd4 Qxd4 18. Nxd4 Rc8 19. Rac1 Rff8 20. f3 Rc5 21. Rxc5 dxc5 22. Nc2 Rf6 23. Ne3 Ra6 24. a3 Kf7 25. Rd1 Rb6 26. Rd2 Rb3 27. Kf2 Bb5 28. Ng4 Ke8 29. Ne5 a6 30. Kg3 Re3 31. Kf4 Re2 32. Rxe2 Bxe2 33. h4 c4 34. Ke3 Bf1 35. Kf2 Bd3 36. Nxd3 cxd3 37. Ke3 Kd7 38. Kxd3 Kd6 39. Kd4 b6 40. b4 h6 41. a4 a5 42. b5 e5+ 43.
dxe6 Kxe6 44. g4 Kd6 45. f4 Ke6 46. h5 gxh5 47. gxh5 Kd6 48. f5 Kd7 49. Ke5 Ke7 50. f6+ Ke8 51. Ke6 Kf8 52. f7 Kg7 53.
Ke7 Kh7 54. f8=R Kg7 55. Rf6 Kh7 56. Rg6 1-0

[Event "44th Chess Olympiad Women 2022"]
[Site "Chennai"]
[Date "2022.08.06"]
[Round "8.58"]
[White "Rakotoniaina Tiana Johanna"]
[Black "Marwa, Jadalla"]
[Result "1-0"]
[WhiteElo "1529"]
[BlackElo "1316"]
[Annotator "NA RC"]
[PlyCount "95"]
[EventDate "2022.??.??"]
[TimeControl "60"]

1. e4 c5 2. Nf3 Nc6 3. Bb5 g6 4. O-O Bg7 5. Re1 Nf6 6. c3 O-O 7. d4 cxd4 8. cxd4 d5 9. e5 Ne8 10. h3 Nc7 11. Bf1 a6 12. Be3 Nb5 13.
a4 Nc7 14. Qd2 f6 15. Bh6 fxe5 16. Bxg7 Kxg7 17. Nxe5 Nxe5 18.
dxe5 b6 19. Nc3 Bb7 20. Ne2 Ne6 21. g4 Nc5 22. Nd4 e6 23.
b4 Qe7 24. bxc5 bxc5 25. Ne2 Qf7 26. Ng3 Rac8 27. Bg2 a5 28.
Ra2 Qc7 29. h4 Qf7 30. Qg5 Kh8 31. h5 Qf4 32. Qe7 Qf7 33. Qh4 Rg8 34. Qf6+ Qxf6 35. exf6 Rgf8 36. Rxe6 Rce8 37. Rb6 Ba8 38.
hxg6 hxg6 39. g5 Re5 40. f4 Ree8 41. Rc2 Rc8 42. Rb5 c4 43.
Bxd5 Bxd5 44. Rxd5 c3 45. Rxa5 Rfe8 46. Ra7 Rf8 47. Rg7 Rg8 48. Rh2# 1-0

[Event "44th Chess Olympiad Women 2022"]
[Site "Chennai"]
[Date "2022.08.06"]
[Round "8.58"]
[White "Sara, Gadalla Karar"]
[Black "Razafindratina, Mariam Clarisse"]
[Result "1-0"]
[WhiteElo "1433"]
[BlackElo "1318"]
[Annotator "NA RC"]
[PlyCount "173"]
[EventDate "2022.??.??"]
[TimeControl "60"]

1. Nf3 Nf6 2. d3 h6 3. e4 d6 4. g3 Bg4 5. Bg2 e6 6. O-O Be7 7. c3 O-O 8. Nbd2 Nbd7 9. Re1 e5 10. h3 Bh5 11. g4 Bg6 12. Nf1 Nb6 13.
Ng3 Nh7 14. Nf5 h5 15. Nxe7+ Qxe7 16. g5 Rfe8 17. h4 Nf8 18. b3 Ne6 19. d4 c6 20. dxe5 Rad8 21. exd6 Rxd6 22. Qc2 Nc5 23. Nd2 Qe6 24. f3 Qe5 25. Nf1 Nd3 26. Re3 Nxc1 27. Rxc1 Qf4 28. Qf2 Red8 29. Qg3 Qxg3 30. Nxg3 Re8 31. f4 f6 32. f5 Kh7 33. fxg6+ Kxg6 34. gxf6 Rxf6 35. Rf1 Rxf1+ 36. Kxf1 Re5 37. c4 Nd7 38. Rd3 Nf6 39. Rd6 Kf7 40. Ke2 Ke7 41. Rd3 Kf7 42. Bf3 g6 43. b4 b6 44. a4 a6 45. Rd6 Re6 46. Rxe6 Kxe6 47. Kd3 Ke5 48. Ne2 Nd7 49. Ke3 Nb8 50. Bg2 Nd7 51. Bh3 Nf6 52. Nc3 Ne8 53. Bd7 Nd6 54. Kd3 c5 55. bxc5 bxc5 56. Nd5 Nxe4 57. Be8 g5 58. hxg5 Nxg5 59. Bxh5 Kd6 60. Nf4 a5 61. Ke3 Ke5 62. Nd3+ Kd6 63. Nf2 Ke5 64. Nd1 Ne6 65. Nb2 Ng5 66. Be8 Ne6 67. Bb5 Nc7 68. Nd3+ Kd6 69. Ke4 Ne6 70. Nf4 Nc7 71. Nd5 Ne6 72. Nc3 Nc7 73. Na2 Ne6 74. Nc1 Nd8 75. Nb3 Nb7 76. Ba6 Nd8 77. Nxa5 Ne6 78. Nb3 Ng5+ 79. Kd3 Ne6 80. Bb5 Kc7 81. a5 Kb7 82. Ke4 Ka7 83. Kd5 Nc7+ 84. Kxc5 Kb7 85. Nd4 Na6+ 86. Bxa6+ Kxa6 87. Kb4 1-0

[Event "44th Chess Olympiad Women 2022"]
[Site "Chennai"]
[Date "2022.08.06"]
[Round "8.59"]
[White "Al Aisaee, Anat"]
[Black "Van Wyk, Keisha C"]
[Result "0-1"]
[WhiteElo "1681"]
[BlackElo "1237"]
[Annotator "NA RC"]
[PlyCount "96"]
[EventDate "2022.??.??"]
[TimeControl "60"]

1. e4 c5 2. c4 Nc6 3. Nf3 d6 4. d4 cxd4 5. Nxd4 Nf6 6. Nc3 g6 7. Be3 Bg7 8. Be2 Bd7 9. Nc2 O-O 10. O-O Re8 11. Qd2 Qa5 12. a3 Ng4 13. Bxg4 Bxg4 14. f3 Be6 15. Nd5 Qxd2 16. Bxd2 Rac8 17. Rab1 Nd4 18. Nce3 Nb3 19. Bc3 Bxc3 20. bxc3 Nd2 21. Rxb7 Nxf1 22. Kxf1 Bxd5 23. Nxd5 Kf8 24. Nc7 Red8 25. Nd5 e6 26. Ne3 a5 27. Ke2 Rb8 28. Ra7 Ra8 29. Rc7 Ke8 30. Ng4 Kf8 31. Nh6 f5 32. Nf7 Rdc8 33. Rb7 d5 34. Nd6 Rd8 35. e5 dxc4 36. Rxh7 Kg8 37. Re7 Rab8 38. Nb7 Re8 39. Rc7 Kf8 40. Nxa5 Re7 41. Rxe7 Rb2+ 42. Ke3 Kxe7 43. g3 Rxh2 44. Nxc4 Rc2 45. Kd4 Rg2 46. a4 Kd8 47. Kc5 Kc7 48. a5 Rxg3 0-1

[Event "44th Chess Olympiad Women 2022"]
[Site "Chennai"]
[Date "2022.08.06"]
[Round "8.59"]
[White "Al Bulushi, Rawan"]
[Black "Tsuses, Patience"]
[Result "0-1"]
[WhiteElo "1442"]
[BlackElo "1075"]
[Annotator "NA RC"]
[PlyCount "76"]
[EventDate "2022.??.??"]
[TimeControl "60"]

1. c4 e5 2. g3 Nf6 3. Bg2 d5 4. cxd5 Nxd5 5. Nc3 Be6 6. Nf3 Nxc3 7. bxc3 Nd7 8. d4 exd4 9. Nxd4 c6 10. Nxe6 fxe6 11. Be3 Bc5 12. Qb3 Bxe3 13. Qxe6+ Qe7 14. Qxe7+ Kxe7 15. fxe3 Rhf8 16. Rb1 Nc5 17. Rf1 Rxf1+ 18. Kxf1 Rf8+ 19. Ke1 Rf6 20. Rb4 h6 21. Rf4 Re6 22. Kd2 g5 23. Rd4 Rd6 24. Rxd6 Kxd6 25. g4 Ke5 26. Kc2 Ne4 27. Bf3 b6 28. Kd3 Nc5+ 29. Kc4 Kd6 30. Kd4 a5 31. Be4 Nxe4 32. Kxe4 b5 33. Kf5 c5 34. e4 b4 35. e5+ Ke7 36. cxb4 axb4 37. Ke4 Ke6 38. a4 bxa3 0-1

[Event "44th Chess Olympiad Women 2022"]
[Site "Chennai"]
[Date "2022.08.06"]
[Round "8.59"]
[White "Beukes Jamie-Nicole"]
[Black "Al Ghafri, Alanoud"]
[Result "1/2-1/2"]
[WhiteElo "1231"]
[BlackElo "1259"]
[Annotator "NA RC"]
[PlyCount "73"]
[EventDate "2022.??.??"]
[TimeControl "60"]

1. e4 b6 2. d4 Bb7 3. Nc3 e6 4. Nf3 Nf6 5. Bg5 h6 6. Bxf6 Qxf6 7. Qd2 Bb4 8.
Bd3 d6 9. a3 Bxc3 10. Qxc3 c5 11. e5 Qd8 12. Bb5+ Bc6 13. Bxc6+ Nxc6 14. exd6 Qxd6 15. dxc5 Qxc5 16. Qxg7 Ke7 17. Qc3 Qxc3+ 18.
bxc3 Rad8 19. Rd1 Na5 20. Ne5 Rhg8 21. O-O Rxd1 22. Rxd1 Rc8 23. Rd3 Rc5 24. f4 Nc4 25. Nxc4 Rxc4 26. g3 Ra4 27. Kf2 Rxa3 28. Ke2 a5 29. c4 Rxd3 30. cxd3 Kd6 31. Kd2 Kc5 32. Kc3 b5 33. cxb5 Kxb5 34. Kb3 Kc5 35. g4 Kd4 36. h4 Kxd3 37. h5 1/2-1/2

[Event "44th Chess Olympiad Women 2022"]
[Site "Chennai"]
[Date "2022.08.06"]
[Round "8.60"]
[White "Naira Sinoia"]
[Black "Aponte, Samantha"]
[Result "1-0"]
[WhiteElo "1116"]
[BlackElo "1087"]
[Annotator "NA RC"]
[PlyCount "65"]
[EventDate "2022.??.??"]
[TimeControl "60"]

1. e4 e5 2. Nf3 Nc6 3. Bc4 Bc5 4. d3 Nf6 5. Bg5 d6 6. Nc3 h6 7. Bh4 Be6 8. Nd5 Bxd5 9. Bxd5 g5 10. Bg3 Nxd5 11. exd5 Ne7 12. c4 f5 13. Bxe5 dxe5 14. Nxe5 h5 15. Qa4+ Kf8 16. Nd7+ Kf7 17. Nxc5 Qd6 18. d4 b6 19. Ne6 Rhg8 20. O-O-O c6 21. c5 Qd7 22. d6 Nd5 23. Rhe1 Rg6 24. Nc7 Qc8 25. Qxc6 Nxc7 26. Re7+ Kg8 27. Rxc7 Qf8 28. Re1 Kh8 29. Ree7 Re8 30. Qxe8 Qxe8 31. Rxe8+ Rg8 32. Rxg8+ Kxg8 33. d7 1-0

[Event "44th Chess Olympiad Women 2022"]
[Site "Chennai"]
[Date "2022.08.06"]
[Round "8.60"]
[White "Sagastegui, Thamara"]
[Black "Sitoe, Cheila Andre"]
[Result "0-1"]
[WhiteElo "1362"]
[BlackElo "1574"]
[Annotator "NA RC"]
[PlyCount "70"]
[EventDate "2022.??.??"]
[TimeControl "60"]

1. e4 c5 2. c3 e6 3. d4 cxd4 4. cxd4 d5 5. e5 Ne7 6. Nf3 Ng6 7. Qc2 Be7 8. Nc3 a6 9. a3 O-O 10. Bd3 Nc6 11. h4 Qa5 12. Qb1 Rd8 13.
Bxg6 fxg6 14. h5 g5 15. Bxg5 Qc7 16. Bxe7 Qxe7 17. Qd3 Bd7 18. Rd1 Rf8 19. Qe3 Rf7 20. b4 Raf8 21. Rd2 Rf4 22. Kd1 Na7 23. Ne2 Ba4+ 24. Ke1 Rg4 25. Ng3 Qc7 26. Rb2 Nb5 27. Kd2 Qb6 28. Rc1 h6 29. Ke1 Rff4 30. Kd2 Nxd4 31. Rc8+ Kf7 32. Nxd4 Rxd4+ 33. Kc1 Rc4+ 34. Rxc4 Rxc4+ 35. Kd2 Qc7 0-1

[Event "44th Chess Olympiad Women 2022"]
[Site "Chennai"]
[Date "2022.08.06"]
[Round "8.60"]
[White "Vilhete, Vania Fausto Da T."]
[Black "Jacobs, Annelaine"]
[Result "1/2-1/2"]
[WhiteElo "1701"]
[BlackElo "1612"]
[Annotator "NA RC"]
[PlyCount "94"]
[EventDate "2022.??.??"]
[TimeControl "60"]

1. d4 g6 2. c4 Nf6 3. Nc3 Bg7 4. e4 d6 5. Be2 O-O 6. Bg5 Nbd7 7. Nf3 e5 8. d5 a5 9. O-O h6 10. Bh4 Nc5 11. Nd2 Bd7 12. Rc1 Qe8 13. h3 Nh7 14. Nb3 b6 15.
Bg4 Bxg4 16. hxg4 Bf6 17. Bxf6 Nxf6 18. Nxc5 bxc5 19. Qf3 Kg7 20. Qg3 Qd7 21. f3 Rh8 22. Nb5 h5 23. g5 Ne8 24. f4 h4 25.
Qf3 h3 26. fxe5 dxe5 27. Qg3 Qe7 28. gxh3 Nd6 29. Nxd6 cxd6 30. Rf6 Rh5 31. Rc3 Rxg5 32. Qxg5 Qxf6 33. Qxf6+ Kxf6 34. Rf3+ Ke7 35. Kg2 Rb8 36. b3 a4 37. Kg3 axb3 38. axb3 Ra8 39. Kg4 Ra1 40. Re3 Rg1+ 41. Kf3 Rh1 42. Kg2 Rb1 43. Kg3 Rg1+ 44. Kf2 Rb1 45. Kg3 Rg1+ 46. Kf2 Rb1 47. Kg3 Rg1+ 1/2-1/2

[Event "44th Chess Olympiad Women 2022"]
[Site "Chennai"]
[Date "2022.08.06"]
[Round "8.61"]
[White "Alhasan, Zainah"]
[Black "Eversley, Kiarra"]
[Result "0-1"]
[WhiteElo "1095"]
[BlackElo "1356"]
[Annotator "NA RC"]
[PlyCount "74"]
[EventDate "2022.??.??"]
[TimeControl "60"]

1. e4 c5 2. Nf3 e6 3. Nc3 Nc6 4. d4 cxd4 5. Nxd4 d6 6. Qd3 Bd7 7. Be3 Nf6 8. O-O-O Ne5 9. Qd2 a6 10. f4 Neg4 11. f5 Nxe3 12. Qxe3 Be7 13. Bc4 Nd5 14. Qf2 Nxc3 15. bxc3 Bg5+ 16. Kb1 Qb6+ 17. Ka1 e5 18. Qg3 Bf6 19. Nb3 O-O 20. Rhf1 Bb5 21. Bxb5 axb5 22. Rb1 Qa6 23. Nc1 Rfc8 24. Rf3 Rc4 25. Qg4 Ra4 26. Rb2 d5 27. c4 bxc4 28. c3 d4 29. h4 Ra3 30. Rff2 Rxc3 31. Rfc2 Rxc2 32. Rxc2 d3 33. Rf2 c3 34. Nb3 c2 35. Nc1 Qa3 36. Rxc2 dxc2 37. Qe2 Qxc1# 0-1

[Event "44th Chess Olympiad Women 2022"]
[Site "Chennai"]
[Date "2022.08.06"]
[Round "8.61"]
[White "Nema, Rabab Ahmed"]
[Black "Blackman, Katrina"]
[Result "0-1"]
[WhiteElo "1172"]
[BlackElo "1691"]
[Annotator "NA RC"]
[PlyCount "54"]
[EventDate "2022.??.??"]
[TimeControl "60"]

1. Nf3 e6 2. g3 f5 3. Bg2 Nf6 4. O-O c6 5. c4 d5 6. cxd5 exd5 7. b3 Bd6 8.
Bb2 O-O 9. d3 Qe7 10. a3 Nbd7 11. Nbd2 f4 12. Nd4 Nb6 13. Re1 fxg3 14. hxg3 Ng4 15. N4f3 Bxg3 16. fxg3 Qe3+ 17. Kh1 Nf2+ 18.
Kh2 Nxd1 19. Raxd1 Rf5 20. Nf1 Rh5+ 21. Nh4 Qf2 22. Nd2 Bg4 23. Ndf3 Bxf3 24. exf3 Qxb2 25. Re7 g5 26. Rde1 gxh4 27. gxh4 Qf2 0-1

[Event "44th Chess Olympiad Women 2022"]
[Site "Chennai"]
[Date "2022.08.06"]
[Round "8.61"]
[White "Reifer-Belle, Chanon"]
[Black "Hadeel Mohammad Kalandar"]
[Result "1-0"]
[WhiteElo "1213"]
[BlackElo "1083"]
[Annotator "NA RC"]
[PlyCount "55"]
[EventDate "2022.??.??"]
[TimeControl "60"]

1. e4 e5 2. Nf3 Nc6 3. d4 exd4 4. Bc4 Nf6 5. e5 d5 6. Bb5 Ne4 7. Nxd4 Bd7 8. Bxc6 bxc6 9. O-O Bc5 10. Be3 Bb6 11. f3 Ng5 12. f4 Ne6 13.
Kh1 O-O 14. f5 Nxd4 15. Bxd4 c5 16. Bg1 d4 17. f6 g6 18. Qd2 Kh8 19. Qh6 Rg8 20. Rf4 Qf8 21. Qg5 Re8 22. Nd2 Bf5 23. Nf3 Bxc2 24. Rh4 h5 25. g4 c6 26. gxh5 gxh5 27. Qxh5+ Bh7 28. Qxh7# 1-0

[Event "44th Chess Olympiad Women 2022"]
[Site "Chennai"]
[Date "2022.08.06"]
[Round "8.61"]
[White "Wilson, Hannah"]
[Black "Alazmi, Aeshah"]
[Result "1-0"]
[WhiteElo "1556"]
[BlackElo "1256"]
[Annotator "NA RC"]
[PlyCount "95"]
[EventDate "2022.??.??"]
[TimeControl "60"]

1. e4 e5 2. Nf3 Nc6 3. d4 exd4 4. Bc4 Bc5 5. c3 dxc3 6.
Bxf7+ Kxf7 7. Qd5+ Ke8 8. Qh5+ Kf8 9. Qxc5+ Qe7 10. Qe3 cxb2 11. Bxb2 d6 12. O-O h6 13. e5 Ke8 14. Re1 Rh7 15. Qd3 Be6 16.
Qxh7 Rd8 17. exd6 cxd6 18. Qe4 Kd7 19. Nd4 Nxd4 20. Qxb7+ Ke8 21. Qxe7+ Kxe7 22. Bxd4 g5 23. Nc3 a6 24. Rab1 Rd7 25. Rb8 Kf7 26.
Rxe6 Kxe6 27. Rxg8 d5 28. Rg6+ Ke7 29. Rg7+ Ke6 30. Rxd7 Kxd7 31. Nxd5 a5 32. Bg7 h5 33. Nf6+ Kc6 34. Nxh5 Kd5 35. f4 gxf4 36. Nxf4+ Kc4 37. h4 a4 38. h5 Kb4 39. h6 Ka3 40. h7 Kxa2 41.
h8=Q a3 42. Qg8+ Kb1 43. Qb3+ Kc1 44. Ne2+ Kd2 45. Bh6+ Ke1 46. Qb1+ Kxe2 47. Qc2+ Ke1 48. Qd2# 1-0

[Event "44th Chess Olympiad Women 2022"]
[Site "Chennai"]
[Date "2022.08.06"]
[Round "8.62"]
[White "Johnson, Nellisha"]
[Black "Terubea, Cydel"]
[Result "0-1"]
[WhiteElo "1093"]
[BlackElo "1450"]
[Annotator "NA RC"]
[PlyCount "88"]
[EventDate "2022.??.??"]
[TimeControl "60"]

1. e4 d5 2. exd5 Nf6 3. Nc3 Nxd5 4. d4 Nc6 5. Nf3 Bg4 6.
Be2 e6 7. Nxd5 Qxd5 8. c3 Be7 9. O-O O-O 10. Bf4 Bd6 11. Qd2 Qf5 12. Bxd6 cxd6 13. Nh4 Qh5 14. Bxg4 Qxg4 15. Nf3 e5 16. dxe5 dxe5 17. Rfe1 Rfe8 18. Qg5 Qe6 19. Qe3 Rad8 20. a3 f5 21. g3 h6 22. Rad1 e4 23. Nd4 Nxd4 24. Rxd4 b6 25. f4 Qb3 26. Re2 Rxd4 27. Qxd4 Qb5 28. Qd2 Re7 29. Kg2 Rd7 30. Qc2 g6 31. c4 Qc6 32. b3 h5 33. h4 a5 34. Rd2 Rxd2+ 35. Qxd2 e3+ 36. Kf1 exd2 37. Ke2 Qd7 38. Kd1 Qd3 39. b4 Qxa3 40. Kxd2 Qxb4+ 41. Kd3 a4 42. Kd4 Qc5+ 43. Kc3 b5 44. Kb2 Qxc4 0-1

[Event "44th Chess Olympiad Women 2022"]
[Site "Chennai"]
[Date "2022.08.06"]
[Round "8.62"]
[White "Lam, Pooja"]
[Black "Lyons, Kieran"]
[Result "0-1"]
[WhiteElo "1163"]
[BlackElo "1767"]
[Annotator "NA RC"]
[PlyCount "52"]
[EventDate "2022.??.??"]
[TimeControl "60"]

1. d4 f5 2. c4 e6 3. g3 Nf6 4. Bg2 d6 5. Nc3 Be7 6. Nf3 O-O 7. O-O c6 8. Qc2 Nbd7 9. e4 fxe4 10. Nxe4 Nxe4 11. Qxe4 Nf6 12. Qe2 h6 13. b3 Qe8 14. Bb2 Qg6 15. Rad1 Rf7 16. Bh3 Qh5 17. Kg2 Nh7 18. Bxe6 Bxe6 19. Qxe6 Qxf3+ 20. Kg1 Ng5 21. Qd7 Rd8 22. Qxd8+ Bxd8 23. h4 Nh3+ 24. Kh2 Nxf2 25. Rxf2 Qxf2+ 26. Kh3 Qxb2 0-1

[Event "44th Chess Olympiad Women 2022"]
[Site "Chennai"]
[Date "2022.08.06"]
[Round "8.62"]
[White "Sewak, Aarti"]
[Black "Shariff, Sasha Christina"]
[Result "0-1"]
[WhiteElo "1412"]
[BlackElo "1183"]
[Annotator "NA RC"]
[PlyCount "96"]
[EventDate "2022.??.??"]
[TimeControl "60"]

1. e4 e5 2. Nf3 Nc6 3. Nc3 Bc5 4. Na4 Bb6 5. Bc4 Nf6 6. d3 d5 7. exd5 Nxd5 8. c3 O-O 9. Ng5 Nf6 10. b4 Qd6 11. Qb3 Qe7 12. Nxf7 Rxf7 13. Bg5 h6 14. Bh4 Bf5 15. O-O-O Re8 16. Rhe1 Be6 17. Re2 Bxc4 18. dxc4 a6 19. Rde1 Qe6 20. h3 Kh8 21. f4 Nh5 22. g3 Qf5 23. c5 Ba7 24. Re4 Qe6 25. Qc2 Nf6 26. Bxf6 Qxf6 27. R1e2 Rfe7 28. Nb2 exf4 29. gxf4 Qf5 30. Qd2 Rxe4 31. Rf2 Rd8 32. Nd3 Rxd3 33. Qxd3 Re1+ 34. Kd2 Rd1+ 35. Kxd1 Qxd3+ 36. Rd2 Qb1+ 37. Ke2 Qe4+ 38. Kd1 Qh1+ 39. Kc2 Qe4+ 40. Kb2 Qxf4 41. Kc2 Qf5+ 42. Kb2 Qxh3 43. a4 b6 44. b5 axb5 45. axb5 Na5 46. Rd8+ Kh7 47. c6 Qg2+ 48. Ka3 Qc2 0-1

[Event "44th Chess Olympiad Women 2022"]
[Site "Chennai"]
[Date "2022.08.06"]
[Round "8.63"]
[White "Roberts, Tallulah"]
[Black "Tilman, Zulmira Americo"]
[Result "1-0"]
[WhiteElo "1536"]
[BlackElo "1255"]
[Annotator "NA RC"]
[PlyCount "85"]
[EventDate "2022.??.??"]
[TimeControl "60"]

1. d4 d6 2. c4 Nf6 3. Nf3 c6 4. g3 Qa5+ 5. Bd2 Qc7 6. Bg2 e5 7. dxe5 dxe5 8.
Nc3 Bd6 9. O-O O-O 10. Qc2 h6 11. a3 Be6 12. Ne4 Nbd7 13. c5 Be7 14. b4 a5 15. Nxf6+ Nxf6 16. e4 axb4 17. axb4 Nd7 18. Nh4 Bxh4 19. gxh4 Qd8 20. Rxa8 Qxa8 21. f4 f5 22. exf5 Bxf5 23. Qb3+ Kh8 24. Bh3 Bxh3 25. Qxh3 Qe8 26. Bc3 Qg6+ 27. Qg3 Qe4 28. Bxe5 Nxe5 29. fxe5 Rxf1+ 30. Kxf1 Qxb4 31. Qe3 Qxh4 32. e6 Qe7 33. Qe5 Kh7 34. Qd6 Qf6+ 35. Ke2 Kg8 36. Qb8+ Qf8 37. Qd6 Qf6 38. Qb8+ Qf8 39. Qxb7 Qxc5 40. Qf7+ Kh7 41. e7 Qe5+ 42. Kf3 Qxh2 43. Qf5+ 1-0

[Event "44th Chess Olympiad Women 2022"]
[Site "Chennai"]
[Date "2022.08.06"]
[Round "8.64"]
[White "La Fleur, Zara"]
[Black "Yavo Tchetche, Marie"]
[Result "1/2-1/2"]
[WhiteElo "1513"]
[BlackElo "1313"]
[Annotator "NA RC"]
[PlyCount "85"]
[EventDate "2022.??.??"]
[TimeControl "60"]

1. e4 e6 2. d4 d5 3. exd5 exd5 4. Bd3 Bd6 5. Nf3 Nf6 6. O-O O-O 7. Bg5 Bg4 8. Nbd2 Nbd7 9. c3 Re8 10. Qc2 h6 11. Bh4 c5 12. Rfe1 Qc7 13.
Bg3 c4 14. Bf5 Bxf5 15. Qxf5 Bxg3 16. hxg3 Qb6 17. Qc2 Ng4 18. Nf1 Ndf6 19. N1h2 Nxh2 20. Nxh2 Re6 21. Re2 Rxe2 22. Qxe2 Re8 23. Qc2 Qe6 24. Nf3 Qe2 25. Rc1 Ng4 26. Ne5 Qxc2 27. Rxc2 Nxe5 28. dxe5 Rxe5 29. Kf1 Kf8 30. Rd2 g5 31. Rd4 Ke7 32. f4 gxf4 33. gxf4 Re4 34. Rxd5 Rxf4+ 35. Ke2 f5 36. Rd1 Ke6 37. Rh1 Kd5 38. Rxh6 Re4+ 39. Kf2 Re6 40. Rxe6 Kxe6 41. Ke3 Ke5 42. g3 b5 43. a3 1/2-1/2

[Event "44th Chess Olympiad Women 2022"]
[Site "Chennai"]
[Date "2022.08.06"]
[Round "8.65"]
[White "Abdul Rasheed, Mariyam Laisa"]
[Black "Saraci, Nita"]
[Result "1/2-1/2"]
[WhiteElo "1145"]
[BlackElo "1555"]
[Annotator "NA RC"]
[PlyCount "79"]
[EventDate "2022.??.??"]
[TimeControl "60"]

1. e4 b6 2. d4 Bb7 3. Bd3 e6 4. Nf3 Nf6 5. Qe2 d6 6. O-O Be7 7. Nc3 a6 8. Re1 O-O 9. h3 h6 10. Bf4 Nbd7 11. Rad1 Nh7 12. e5 d5 13. Qd2 c5 14. Bxh6 c4 15.
Bxh7+ Kxh7 16. Bf4 Rh8 17. Qe3 Kg8 18. Bg5 Bxg5 19. Qxg5 Qxg5 20. Nxg5 Rh5 21. Nf3 Kf8 22. b3 b5 23. bxc4 bxc4 24. Rb1 Bc6 25.
Rb2 Rb8 26. Rxb8+ Nxb8 27. Rb1 Nd7 28. Ne2 Ke7 29. c3 f6 30.
Ng3 Rh8 31. Re1 f5 32. Rb1 g6 33. Ne2 Rb8 34. Rxb8 Nxb8 35. Nf4 Be8 36. Kf1 Nd7 37. Ke1 Nb6 38. Kd2 Na4 39. Kc2 Bf7 40. Ng5 1/2-1/2

[Event "44th Chess Olympiad Women 2022"]
[Site "Chennai"]
[Date "2022.08.06"]
[Round "8.65"]
[White "Nihaya, Ahmed"]
[Black "Saraci, Ndriqona"]
[Result "1-0"]
[WhiteElo "1233"]
[BlackElo "1425"]
[Annotator "NA RC"]
[PlyCount "91"]
[EventDate "2022.??.??"]
[TimeControl "60"]

1. e4 d5 2. exd5 Qxd5 3. Nc3 Qa5 4. Nf3 Nf6 5. Bc4 Bg4 6.
O-O e6 7. d4 c6 8. a3 Be7 9. b4 Qd8 10. Be3 Nd5 11. Nxd5 cxd5 12. Be2 Nd7 13. h3 Bf5 14. c4 dxc4 15. Bxc4 Rc8 16. Rc1 O-O 17. d5 Nb6 18. Bxb6 Qxb6 19. Re1 Rfd8 20. Qb3 Rxc4 21. Qxc4 exd5 22. Qf4 Be6 23. Nd4 Rf8 24. Qc7 Qxd4 25. Qxe7 Qb2 26. Rc7 Qf6 27. Qxf6 gxf6 28. Rxb7 Ra8 29. Rc1 a6 30. Rcc7 d4 31. Kf1 d3 32. Ke1 Rd8 33. Kd2 Bd5 34. Ra7 Bxg2 35. Rxf7 Be4 36. Rxf6 Rc8 37. Rd6 Rc2+ 38. Ke3 Re2+ 39. Kf4 Bg6 40. Rd8+ Re8 41. Rxe8+ Bxe8 42. Rxa6 Kf7 43. Rd6 Bb5 44. Ke3 Kg7 45. Rxd3 Bxd3 46. Kxd3 1-0

[Event "44th Chess Olympiad Women 2022"]
[Site "Chennai"]
[Date "2022.08.06"]
[Round "8.65"]
[White "Saraci, Rinesa"]
[Black "Nuha, Rilwan"]
[Result "1-0"]
[WhiteElo "1494"]
[BlackElo "1068"]
[Annotator "NA RC"]
[PlyCount "107"]
[EventDate "2022.??.??"]
[TimeControl "60"]

1. e4 c5 2. Nf3 Nc6 3. d4 cxd4 4. Nxd4 g6 5. Nc3 Bg7 6. Be3 Nf6 7. Be2 O-O 8. O-O d6 9. h3 a6 10. a3 Bd7 11. Nf3 Rc8 12. Qd2 Qc7 13.
Bh6 Rfd8 14. Bxg7 Kxg7 15. Rac1 b5 16. Bd3 Na5 17. Rfe1 Nc4 18.
Bxc4 Qxc4 19. Qd3 Qxd3 20. cxd3 Bc6 21. Nd4 Bb7 22. Nce2 d5 23. f3 dxe4 24. dxe4 e5 25. Nb3 Nd7 26. Red1 Nb6 27. Rxd8 Rxd8 28. Na5 Rd7 29. Rc2 Ba8 30. Kf2 h5 31. g4 hxg4 32. hxg4 Kh6 33. Nc1 Nc4 34. Nxc4 bxc4 35. Ke2 Rb7 36. Na2 Rb3 37. Nc1 Kg5 38. Nxb3 cxb3 39. Rc3 f5 40. gxf5 gxf5 41. exf5 Kxf5 42. Rxb3 Kf4 43. Rb4+ Kf5 44. Ke3 Bc6 45. Rb6 Bb5 46. Rxb5 axb5 47. b3 Ke6 48. Ke4 Kd6 49. a4 bxa4 50. bxa4 Kc5 51. Kxe5 Kb4 52. f4 Kxa4 53. f5 Kb3 54. f6 1-0

[Event "44th Chess Olympiad Women 2022"]
[Site "Chennai"]
[Date "2022.08.06"]
[Round "8.67"]
[White "Esse, Akua Kosife"]
[Black "Sy Mame, Binta"]
[Result "1/2-1/2"]
[WhiteElo "1329"]
[BlackElo "1256"]
[Annotator "NA RC"]
[PlyCount "86"]
[EventDate "2022.??.??"]
[TimeControl "60"]

1. d4 d5 2. e3 Nf6 3. f4 e6 4. Nf3 Nc6 5. Bd3 Be7 6. O-O h6 7. Ne5 O-O 8. a3 Bd7 9. Nd2 a6 10. b4 Na7 11. Nb3 Bb5 12. Bb2 Bxd3 13. Qxd3 Ne4 14. c4 b5 15. c5 c6 16. Nd2 f5 17. Ndf3 Rc8 18. a4 Rc7 19. axb5 axb5 20. Ng6 Rf6 21. Nxe7+ Qxe7 22. Ne5 Qe8 23. Ra6 Rf8 24. Rfa1 Nc8 25.
Ra8 Qh5 26. Rf1 Ra7 27. Rxa7 Nxa7 28. Ra1 Qh4 29. Qe2 Nc8 30. Ng6 Qf6 31. Nxf8 Qxf8 32. Ra8 Kh7 33. Qe1 Nf6 34. Qa1 Qf7 35. Rxc8 Qh5 36. h3 Qe2 37. Qc1 Ne4 38. Kh2 Qf2 39. Bc3 Qg3+ 40. Kg1 Qf2+ 41. Kh2 Qg3+ 42. Kg1 Qf2+ 43. Kh2 Qg3+ 1/2-1/2